AoeStats
← PiscoCAPEL777

Black Forest

507144023Analyzed
3v3 RM · 15d ago on Sep 16, 2026· 45m 46s· 6 players
Game mode
Random Map
Map size
Normal (6 player)
Population
200
Speed
Normal
Resources
Standard
Victory
Conquest
Starting age
Dark Age
Ending age
Imperial Age
RankedLock teamsTeams togetherTeam positionsShared explorationLock speedFull tech treeHidden civsTurbo modeCheats
Victory
Defeat
🇮🇹 Japanese · Italy
1058
+13
🇹🇷 Vietnamese · Türkiye
1054
+13
🇹🇷 Malians · Türkiye
1030
+14
🇨🇱 Bohemians · Chile
1009
-14
🇨🇱 Britons · Chile
978
-13
🇨🇱 Burgundians · Chile
969
-13
Dark Sniper 0
0:47 Loom
12:58 Feudal Age
14:50 Double-Bit Axe
17:33 Castle Age
17:02 Stone Mining
26:23 Gold Mining
28:11 Forging
28:02 Scale Mail Armor
33:09 Imperial Age
33:02 Iron Casting
32:46 Chain Mail Armor
33:30 Bow Saw
33:28 Capped Ram
35:13 Blast Furnace
35:01 Conscription
36:52 Elite Samurai
40:00 Plate Mail Armor
Yojimbo
1:44 Loom
11:32 Feudal Age
13:10 Wheelbarrow
12:42 Double-Bit Axe
18:22 Gold Mining
22:05 Castle Age
20:09 Horse Collar
21:34 Scale Mail Armor
21:45 Forging
23:11 Hand Cart
26:13 Imperial Age
26:37 Bow Saw
27:25 Heavy Plow
27:24 Arson
29:44 Town Watch
31:01 Elite Gbeto
35:39 Chain Mail Armor
36:00 Iron Casting
35:32 Scale Barding Armor
36:24 Ballistics
36:45 Conscription
36:56 Masonry
37:08 Stone Mining
37:48 Pikeman
38:28 Squires
38:27 Treadmill Crane
38:15 Capped Ram
39:11 Bloodlines
38:22 Heavy Camel Rider
41:23 Farimba
40:50 Light Cavalry
41:31 Husbandry
44:01 Plate Mail Armor
43:53 Chain Barding Armor
44:35 Chemistry
43:23 Elite Skirmisher
44:00 Fletching
44:12 Padded Archer Armor
44:19 Murder Holes
Kanuni_ibrahim_dede
0:46 Loom
15:43 Feudal Age
18:33 Double-Bit Axe
21:58 Castle Age
20:58 Horse Collar
21:11 Gold Mining
21:15 Stone Mining
23:32 Heavy Plow
23:46 Bow Saw
24:18 Stone Shaft Mining
27:43 Chatras
29:51 Wheelbarrow
33:00 Hand Cart
33:12 Bloodlines
33:03 Husbandry
35:41 Scale Barding Armor
35:37 Scale Mail Armor
35:47 Forging
37:50 Chain Mail Armor
37:55 Chain Barding Armor
41:20 Imperial Age
41:42 Ballistics
41:23 Elite Battle Elephant
43:08 Chemistry
42:51 Plate Barding Armor
42:47 Plate Mail Armor
42:52 Iron Casting
PiscoCAPEL777
12:52 Feudal Age
14:45 Horse Collar
22:14 Castle Age
20:53 Double-Bit Axe
21:39 Fletching
21:50 Padded Archer Armor
23:26 Bodkin Arrow
27:18 Heavy Plow
29:02 Pikeman
34:28 Imperial Age
35:57 Wheelbarrow
39:01 Bow Saw
40:27 Chemistry
39:41 Bracer
40:21 Fortified Wall
40:32 Ballistics
ivakke
0:56 Loom
14:17 Feudal Age
15:56 Double-Bit Axe
21:36 Castle Age
24:34 Chemistry
24:18 Wheelbarrow
24:26 Town Watch
30:04 Hand Cart
34:28 Imperial Age
32:26 Masonry
34:38 Houfnice
36:34 Pikeman
37:16 Squires
37:09 Arson
37:27 Town Patrol
38:02 Bow Saw
38:34 Siege Engineers
40:07 Wagenburg Tactics
40:23 Conscription
nicovc00
7:35 Loom
12:45 Feudal Age
12:15 Double-Bit Axe
15:31 Bow Saw
16:41 Horse Collar
18:27 Heavy Plow
21:12 Castle Age
21:59 Forging
22:39 Stone Mining
22:42 Gold Mining
25:20 Crop Rotation
25:47 Stone Shaft Mining
25:50 Gold Shaft Mining
25:10 Cavalier
25:51 Husbandry
33:13 Two-Man Saw
36:35 Wheelbarrow
38:12 Hand Cart
41:11 Imperial Age
39:36 Scale Barding Armor
41:34 Burgundian Vineyards
43:12 Chemistry
43:41 Elite Coustillier
Connection lost

Rejoining the realm…

Still unreachable

The connection could not be restored.

Session expired

The server has moved on; the page needs a fresh start.